TOP OF THE 1ST |
Weslaco Chiefs batting - Pitching for Roy Eagle Squadron : RHP Jesús Arredondo
|
Pitching: RHP Jesús Arredondo
|
|
Batting: LHB Alberto Varela
|
0-0: SINGLE (Groundball, 4MS) (infield hit)
|
Batting: RHB António Martínez
|
0-0: Called Strike 0-1: Ball 1-1: Grounds into double play, 6-4-3 (Groundball, 6)
|
Batting: RHB Eric Thompson
|
0-0: Called Strike 0-1: Foul Ball, location: 2F 0-2: Ball 1-2: Ball 2-2: Fly out, F9 (Flyball, 9M)
|
Top of the 1st over - 0 run(s), 1 hit(s), 0 error(s), 0 left on base; Weslaco 0 - Roy 0 |
BOTTOM OF THE 1ST |
Roy Eagle Squadron batting - Pitching for Weslaco Chiefs : RHP Pablo Lima
|
Pitching: RHP Pablo Lima
|
|
Batting: RHB Oliver Sánchez
|
0-0: Ball 1-0: Ball 2-0: Ball 3-0: Called Strike 3-1: Foul Ball, location: 2F 3-2: Strikes out swinging
|
Batting: RHB Ken Miller
|
0-0: Called Strike 0-1: Ball 1-1: SINGLE (Line Drive, 6M)
|
Batting: RHB Ben Ware
|
0-0: Called Strike Ken Miller is caught stealing 2nd base 0-1: Called Strike 0-2: Foul Ball, location: 2F 0-2: Foul Ball, location: 2F 0-2: Ball 1-2: Strikes out swinging
|
Bottom of the 1st over - 0 run(s), 1 hit(s), 0 error(s), 0 left on base; Weslaco 0 - Roy 0 |
TOP OF THE 2ND |
Weslaco Chiefs batting - Pitching for Roy Eagle Squadron : RHP Jesús Arredondo
|
Batting: LHB Jeff Forsyth
|
0-0: Ball 1-0: Swinging Strike 1-1: Fly out, F5 (Popup, 5F)
|
Batting: RHB Germán Romero
|
0-0: Ball 1-0: Swinging Strike 1-1: SINGLE (Line Drive, 8LS)
|
Batting: RHB Carlos Miranda
|
0-0: Ball 1-0: Ball 2-0: Called Strike 2-1: Fly out, F9 (Flyball, 9S)
|
Batting: RHB Jeremiah Ward
|
0-0: Foul Ball, location: 2F 0-1: Fly out, F8 (Flyball, 8LM)
|
Top of the 2nd over - 0 run(s), 1 hit(s), 0 error(s), 1 left on base; Weslaco 0 - Roy 0 |
BOTTOM OF THE 2ND |
Roy Eagle Squadron batting - Pitching for Weslaco Chiefs : RHP Pablo Lima
|
Batting: RHB Felipe Jareño
|
0-0: Fly out, F8 (Flyball, 8RXD)
|
Batting: RHB José Vidal
|
0-0: Called Strike 0-1: SINGLE (Groundball, 6MD)
|
Batting: SHB Fernando Borges
|
0-0: Ball José Vidal steals 2nd base 1-0: Foul Ball, location: 2F 1-1: Foul Ball, location: 2F 1-2: Ground out 5-3 (Groundball, 56S) José Vidal to third
|
Batting: LHB Miguel García
|
0-0: Fly out, F5 (Popup, 25F)
|
Bottom of the 2nd over - 0 run(s), 1 hit(s), 0 error(s), 1 left on base; Weslaco 0 - Roy 0 |
TOP OF THE 3RD |
Weslaco Chiefs batting - Pitching for Roy Eagle Squadron : RHP Jesús Arredondo
|
Batting: LHB Ralph Cobb
|
0-0: Ball 1-0: Foul Ball, location: 2F 1-1: Ball 2-1: Foul Ball, location: 2F 2-2: SINGLE (Groundball, 34)
|
Batting: RHB Ron Newcombe
|
0-0: Foul Ball, location: 2F 0-1: Ball 1-1: Ball 2-1: Ball 3-1: Foul Ball, location: 2F 3-2: Base on Balls Ralph Cobb to second
|
Batting: LHB Alberto Varela
|
0-0: Fly out, F8 (Flyball, 8LM)
|
Batting: RHB António Martínez
|
0-0: Called Strike Ralph Cobb steals 3rd base Ron Newcombe to second 0-1: Swinging Strike 0-2: Strikes out swinging
|
Batting: RHB Eric Thompson
|
0-0: Ball 1-0: Foul Ball, location: 2F 1-1: Swinging Strike 1-2: DOUBLE (Line Drive, 5) Ralph Cobb scores Ron Newcombe scores
|
Batting: LHB Jeff Forsyth
|
0-0: Called Strike 0-1: Foul Ball, location: 2F 0-2: Ball 1-2: Ball 2-2: Ball 3-2: Fly out, F7 (Flyball, 8LS)
|
Top of the 3rd over - 2 run(s), 2 hit(s), 0 error(s), 1 left on base; Weslaco 2 - Roy 0 |
BOTTOM OF THE 3RD |
Roy Eagle Squadron batting - Pitching for Weslaco Chiefs : RHP Pablo Lima
|
Batting: RHB Chad Battle
|
0-0: Foul Ball, location: 2F 0-1: SINGLE (Groundball, 34)
|
Batting: RHB Albert Valancía
|
0-0: Called Strike 0-1: Ball 1-1: Ball 2-1: Ball 3-1: Fly out, F4 (Popup, 8RS)
|
Batting: RHB Oliver Sánchez
|
0-0: Ball 1-0: Foul Ball, location: 2F 1-1: Called Strike 1-2: Foul Ball, location: 2F 1-2: Ball 2-2: Grounds into double play, 5-4-3 (Groundball, 56)
|
Bottom of the 3rd over - 0 run(s), 1 hit(s), 0 error(s), 0 left on base; Weslaco 2 - Roy 0 |
TOP OF THE 4TH |
Weslaco Chiefs batting - Pitching for Roy Eagle Squadron : RHP Jesús Arredondo
|
Batting: RHB Germán Romero
|
0-0: Swinging Strike 0-1: Ball 1-1: Called Strike 1-2: Strikes out looking
|
Batting: RHB Carlos Miranda
|
0-0: Called Strike 0-1: Ball 1-1: Swinging Strike 1-2: Ball 2-2: Ball 3-2: Foul Ball, location: 2F 3-2: Base on Balls
|
Batting: RHB Jeremiah Ward
|
0-0: Called Strike 0-1: Foul Ball, location: 2F 0-2: Ball 1-2: Strikes out swinging
|
Batting: LHB Ralph Cobb
|
0-0: Fly out, F7 (Popup, 6D)
|
Top of the 4th over - 0 run(s), 0 hit(s), 0 error(s), 1 left on base; Weslaco 2 - Roy 0 |
BOTTOM OF THE 4TH |
Roy Eagle Squadron batting - Pitching for Weslaco Chiefs : RHP Pablo Lima
|
Batting: RHB Ken Miller
|
0-0: Ball 1-0: Ball 2-0: Ball 3-0: Base on Balls
|
Batting: RHB Ben Ware
|
0-0: Ball 1-0: TRIPLE (Flyball, 9LM) Ken Miller scores
|
Batting: RHB Felipe Jareño
|
0-0: Ball 1-0: Called Strike 1-1: Ball 2-1: Called Strike 2-2: Foul Ball, location: 2F 2-2: Strikes out looking
|
Batting: RHB José Vidal
|
0-0: Called Strike 0-1: Called Strike 0-2: Foul Ball, location: 2F 0-2: Ball Wild Pitch! Ben Ware scores 1-2: Ball 2-2: Strikes out looking
|
Batting: SHB Fernando Borges
|
0-0: Swinging Strike 0-1: Fly out, F4 (Popup, 34)
|
Bottom of the 4th over - 2 run(s), 1 hit(s), 0 error(s), 0 left on base; Weslaco 2 - Roy 2 |
TOP OF THE 5TH |
Weslaco Chiefs batting - Pitching for Roy Eagle Squadron : RHP Jesús Arredondo
|
Batting: RHB Ron Newcombe
|
0-0: Ground out 5-3 (Groundball, 5)
|
Batting: LHB Alberto Varela
|
0-0: Foul Ball, location: 2F 0-1: Called Strike 0-2: Ball 1-2: Strikes out swinging
|
Batting: RHB António Martínez
|
0-0: Ball 1-0: Ball 2-0: Ball 3-0: Base on Balls
|
Batting: RHB Eric Thompson
|
0-0: Called Strike 0-1: Called Strike 0-2: Foul Ball, location: 2F 0-2: Ball 1-2: Ground out 5-3 (Groundball, 56)
|
Top of the 5th over - 0 run(s), 0 hit(s), 0 error(s), 1 left on base; Weslaco 2 - Roy 2 |
BOTTOM OF THE 5TH |
Roy Eagle Squadron batting - Pitching for Weslaco Chiefs : RHP Pablo Lima
|
Batting: LHB Miguel García
|
0-0: Ball 1-0: Fly out, F8 (Flyball, 8LM)
|
Batting: RHB Chad Battle
|
0-0: Called Strike 0-1: Called Strike 0-2: Foul Ball, location: 2F 0-2: Foul Ball, location: 2F 0-2: Ball 1-2: Foul Ball, location: 2F 1-2: SINGLE (Groundball, 34S)
|
Batting: RHB Albert Valancía
|
0-0: Ball 1-0: Ground out 5-3 (Groundball, 5L) Chad Battle to second
|
Batting: RHB Oliver Sánchez
|
0-0: Ground out 4-3 (Groundball, 4)
|
Bottom of the 5th over - 0 run(s), 1 hit(s), 0 error(s), 1 left on base; Weslaco 2 - Roy 2 |
TOP OF THE 6TH |
Weslaco Chiefs batting - Pitching for Roy Eagle Squadron : RHP Jesús Arredondo
|
Batting: LHB Jeff Forsyth
|
0-0: Foul Ball, location: 2F 0-1: Foul Ball, location: 2F 0-2: Ball 1-2: Ball 2-2: Foul Ball, location: 2F 2-2: Ball 3-2: Base on Balls
|
Pitching: RHP Elijah Justice
|
|
Batting: RHB Germán Romero
|
0-0: Ball 1-0: Foul Ball, location: 2F 1-1: Hit by Pitch Jeff Forsyth to second
|
Batting: RHB Carlos Miranda
|
0-0: Called Strike 0-1: Ball 1-1: Ball 2-1: SINGLE (Groundball, 56) Jeff Forsyth to third Germán Romero to second
|
Batting: RHB Jeremiah Ward
|
0-0: Ball 1-0: Foul Ball, location: 2F 1-1: SINGLE (Groundball, 56) Jeff Forsyth scores Germán Romero to third Carlos Miranda to second Runner from 3rd tries for Home, SAFE, no throw or cutoff
|
Batting: LHB Ralph Cobb
|
0-0: Ball 1-0: Fielders Choice at 2nd, 6-4 (Groundball, 6M) Carlos Miranda to third
|
Batting: RHB Ron Newcombe
|
0-0: Called Strike Ralph Cobb steals 2nd base 0-1: Ground out 5-3 (Groundball, 6)
|
Batting: LHB Alberto Varela
|
0-0: Ball 1-0: Foul Ball, location: 2F 1-1: Fly out, F8 (Flyball, 8LM)
|
Top of the 6th over - 2 run(s), 2 hit(s), 0 error(s), 2 left on base; Weslaco 4 - Roy 2 |
BOTTOM OF THE 6TH |
Roy Eagle Squadron batting - Pitching for Weslaco Chiefs : RHP Pablo Lima
|
Batting: RHB Ken Miller
|
0-0: Called Strike 0-1: Ball 1-1: Ball 2-1: Ground out 6-3 (Groundball, 56)
|
Batting: RHB Ben Ware
|
0-0: Foul Ball, location: 2F 0-1: Ball 1-1: Ground out 6-3 (Groundball, 6)
|
Batting: RHB Felipe Jareño
|
0-0: Called Strike 0-1: Ball 1-1: Ball 2-1: Ball 3-1: Swinging Strike 3-2: DOUBLE (Flyball, 7M)
|
Pitching: RHP Nicholas Becker
|
|
Batting: RHB José Vidal
|
0-0: Ball 1-0: Swinging Strike 1-1: Ball 2-1: Foul Ball, location: 2F 2-2: Fly out, F9 (Flyball, 9M)
|
Bottom of the 6th over - 0 run(s), 1 hit(s), 0 error(s), 1 left on base; Weslaco 4 - Roy 2 |
TOP OF THE 7TH |
Weslaco Chiefs batting - Pitching for Roy Eagle Squadron : RHP Elijah Justice
|
Batting: RHB António Martínez
|
0-0: Fly out, F7 (Flyball, 7LM)
|
Batting: RHB Eric Thompson
|
0-0: Ball 1-0: Foul Ball, location: 2F 1-1: Ball 2-1: Swinging Strike 2-2: Ground out 4-3 (Groundball, 4D)
|
Batting: LHB Jeff Forsyth
|
0-0: Ground out 6-3 (Groundball, 6)
|
Top of the 7th over - 0 run(s), 0 hit(s), 0 error(s), 0 left on base; Weslaco 4 - Roy 2 |
BOTTOM OF THE 7TH |
Roy Eagle Squadron batting - Pitching for Weslaco Chiefs : RHP Nicholas Becker
|
Batting: SHB Fernando Borges
|
0-0: Ground out 4-3 (Groundball, 34)
|
Batting: LHB Miguel García
|
0-0: Fly out, F4 (Popup, 4D)
|
Batting: RHB Chad Battle
|
0-0: Foul Ball, location: 2F 0-1: Ball 1-1: Foul Ball, location: 2F 1-2: Ball 2-2: Fly out, F8 (Flyball, 8RM)
|
Bottom of the 7th over - 0 run(s), 0 hit(s), 0 error(s), 0 left on base; Weslaco 4 - Roy 2 |
TOP OF THE 8TH |
Weslaco Chiefs batting - Pitching for Roy Eagle Squadron : RHP Elijah Justice
|
Pitching: RHP Ed Meadows
|
|
Batting: RHB Germán Romero
|
0-0: Swinging Strike 0-1: Ball 1-1: Ball 2-1: DOUBLE (Line Drive, 56D)
|
Batting: RHB Carlos Miranda
|
0-0: Called Strike 0-1: Ball 1-1: Swinging Strike 1-2: Strikes out looking
|
Batting: RHB Jeremiah Ward
|
0-0: Ball 1-0: Swinging Strike 1-1: Foul Ball, location: 2F 1-2: Foul Ball, location: 2F 1-2: Strikes out swinging
|
Batting: LHB Ralph Cobb
|
0-0: Called Strike 0-1: Foul Ball, location: 2F 0-2: Strikes out swinging
|
Top of the 8th over - 0 run(s), 1 hit(s), 0 error(s), 1 left on base; Weslaco 4 - Roy 2 |
BOTTOM OF THE 8TH |
Roy Eagle Squadron batting - Pitching for Weslaco Chiefs : RHP Nicholas Becker
|
Batting: RHB Albert Valancía
|
0-0: Called Strike 0-1: Ball 1-1: Foul Ball, location: 2F 1-2: Fly out, F2 (Popup, 2R)
|
Batting: RHB Oliver Sánchez
|
0-0: Called Strike 0-1: SINGLE (Line Drive, 9S)
|
Batting: RHB Ken Miller
|
0-0: Called Strike 0-1: Ball 1-1: Ball 2-1: Ball 3-1: SINGLE (Groundball, 56D) Oliver Sánchez to second
|
Pinch Hitting: SHB Júlio Romano
|
0-0: Ball 1-0: Foul Ball, location: 2F 1-1: Foul Ball, location: 2F 1-2: Fly out, F2 (Popup, 2LF)
|
Batting: RHB Felipe Jareño
|
0-0: Foul Ball, location: 2F 0-1: Ball 1-1: Called Strike 1-2: Ball 2-2: DOUBLE (Flyball, 89XD) Oliver Sánchez scores Ken Miller to third
|
Batting: RHB José Vidal
|
0-0: Ball 1-0: SINGLE (Groundball, 5D) Ken Miller scores Felipe Jareño to third Runner from 3rd tries for Home, SAFE, no throw or cutoff
|
Pitching: RHP Marc Brooks
|
|
Pinch Hitting: LHB Alarico Sloet tot Everlo
|
0-0: Called Strike 0-1: Swinging Strike 0-2: Foul Ball, location: 2F 0-2: Ball 1-2: SINGLE (Line Drive, 6MD) José Vidal to second Runner from 2nd tries for 3rd, SAFE, throw made to third
|
Pitching: LHP William Bazley
|
|
Pinch Hitting: SHB Eduardo Sánchez
|
0-0: Ball 1-0: Called Strike 1-1: Ball 2-1: Ball 3-1: Fly out, F6 (Popup, 6M)
|
Bottom of the 8th over - 3 run(s), 5 hit(s), 0 error(s), 2 left on base; Weslaco 4 - Roy 5 |
TOP OF THE 9TH |
Weslaco Chiefs batting - Pitching for Roy Eagle Squadron : RHP Ed Meadows
|
Pitching: LHP Nick Thornton
|
|
Now at 2B: Júlio Romano
|
|
Now at 3B: Alarico Sloet tot Everlo
|
|
Now in RF: Jorge Álvarez
|
|
Pinch Hitting: RHB Rob Byrd
|
0-0: Ball 1-0: Ground out 5-3 (Groundball, 5S)
|
Pinch Hitting: LHB Javier Mejía
|
0-0: Called Strike 0-1: Foul Ball, location: 2F 0-2: Ball 1-2: Ball 2-2: Fly out, F7 (Flyball, 78M)
|
Batting: RHB António Martínez
|
0-0: Called Strike 0-1: Ball 1-1: Ball 2-1: Ball 3-1: Base on Balls
|
Pinch Runner at 1st Jorge Longoria:
|
|
Batting: RHB Eric Thompson
|
0-0: Ball 1-0: Ball 2-0: Foul Ball, location: 2F 2-1: Ball 3-1: Base on Balls Jorge Longoria to second
|
Batting: LHB Jeff Forsyth
|
0-0: Ball 1-0: Ground out 4-3 (Groundball, 4)
|
Top of the 9th over - 0 run(s), 0 hit(s), 0 error(s), 2 left on base; Weslaco 4 - Roy 5 |
|